 Dungeon Crawl Stone Soup version 0.30-a0-374-g95c0257 (webtiles) character file.

Game seed: 6058665445223066272

44 jagoly the Ducker (level 3, -1/24 HPs)
             Began as a Human Wanderer on Nov 26, 2022.
             Slain by Jessica
             ... wielding a +1 dagger of venom
              (5 damage)
             ... on level 2 of the Dungeon.
             The game lasted 00:06:24 (1137 turns).

jagoly the Ducker (Human Wanderer)                  Turns: 1137, Time: 00:06:24

Health: -1/24      AC:  3    Str: 11    XL:     3   Next: 87%
Magic:  5/5        EV: 14    Int: 14    God:
Gold:   62         SH:  0    Dex: 19    Spells: 4/5 levels left

rFire   . . .      SeeInvis .    a - +2 short sword
rCold   . . .      Faith    .    (no shield)
rNeg    . . .      Spirit   .    d - +0 robe
rPois   .          Reflect  .    b - +0 helmet
rElec   .          Harm     .    (no cloak)
rCorr   .          Rampage  .    (no gloves)
Will    .....      Rnd*Tele +    (no boots)
Stlth   ++........               (no amulet)
HPRegen 0.24/turn                n - +6 ring of dexterity
MPRegen 0.09/turn                (no ring)

@: lethally poisoned (-1 -> -13)
A: teleportitis 1
a: no special abilities


You were on level 2 of the Dungeon.
You visited 1 branch of the dungeon, and saw 2 of its levels.

You collected 62 gold pieces.

Inventory:

Hand Weapons
 a - a +2 short sword (weapon)
 j - a +2 whip of draining
Missiles
 m - 11 stones
Armour
 b - a +0 helmet (worn)
 d - a +0 robe (worn)
 p - a +0 ring mail
Jewellery
 n - a +6 ring of dexterity (left hand)
Scrolls
 e - a scroll of identify {unknown}
 h - a scroll of enchant armour {unknown}
 k - a scroll of teleportation {unknown}
 l - 2 scrolls of poison {unknown}
Potions
 c - a potion of invisibility
 f - a potion of mutation
 g - a potion of curing {unknown}
 i - a potion of heal wounds {unknown}
 o - a potion of attraction {unknown}


   Skills:
 - Level 2.0 Short Blades
 - Level 1.0 Throwing
 - Level 1.0 Armour
 - Level 4.0 Dodging
 + Level 1.7 Spellcasting
 - Level 2.0 Conjurations
 + Level 1.9 Air Magic


You had 4 spell levels left.
You knew the following spells:

 Your Spells              Type           Power      Damage    Failure   Level
a - Shock                 Conj/Air       24%        1d4       11%         1

Your spell library contained the following spells:

 Spells                   Type           Power      Damage    Failure   Level
 Apportation              Tloc           2%         N/A       24%         1
 Vhi's Electric Charge    Tloc/Air       6%         N/A       45%         3
 Kindle Blastsparks       Fire/Tloc/Air  6%         2d10      50%         3
 Arcjolt                  Conj/Air       3%         1d13      97%         5
 Alistair's Intoxication  Tmut/Pois      0%         N/A       100%        5
 Maxwell's Capacitive Co  Air            3%         ∞         100%        8


Dungeon Overview and Level Annotations

Branches:
Dungeon (2/15) Zot: 10873

Altars:

Annotations:
D:2 Jessica


Innate Abilities, Weirdness & Mutations

You are occasionally teleported next to monsters.


Message History

There is an open door here.
You closely miss the jackal. The jackal bites you.
You hit the jackal.
The jackal is lightly wounded.
The jackal misses you.
You hit the jackal.
The jackal is moderately wounded.
The jackal bites you.
You hit the jackal but do no damage.
The jackal is moderately wounded.
The jackal closely misses you. The jackal barely misses you.
You hit the jackal but do no damage.
The jackal is moderately wounded.
The jackal bites you.
You completely miss the jackal.
The jackal is moderately wounded.
The jackal bites you.
You hit the jackal.
The jackal is severely wounded.
The jackal misses you. The jackal closely misses you.
You hit the jackal.
You kill the jackal!
You hit the jackal but do no damage. The jackal completely misses you.
You barely miss the jackal. The jackal barely misses you.
You closely miss the jackal. The jackal closely misses you.
The jackal misses you.
You barely miss the jackal. The jackal closely misses you.
You hit the jackal.
The jackal is heavily wounded.
The jackal bites you.
You barely miss the jackal.
The jackal is heavily wounded.
The jackal bites you.
* * * LOW HITPOINT WARNING * * *
You are too injured to fight recklessly!
You hit the jackal.
You kill the jackal!
You start resting.
HP restored.
You start resting.
HP restored.
There is an open door here.
You see here a jackal corpse.
A bat is nearby!
Unknown command.
The bat hits you but does no damage.
You hit the bat.
The bat is heavily wounded.
The bat barely misses you. The bat closely misses you.
The bat hits you but does no damage.
You closely miss the bat.
The bat is heavily wounded.
The bat completely misses you. The bat hits you but does no damage.
You hit the bat.
You kill the bat!
No target in view!
f - a bubbling inky potion
g - a viscous black potion A bat comes into view.
The bat hits you but does no damage.
You hit the bat.
The bat is severely wounded.
The bat closely misses you. The bat barely misses you.
You hit the bat.
You kill the bat!
You have reached level 2!
A kobold comes into view. It is wielding a +0 dagger.
The kobold shouts!
Unknown command.
Unknown command.
Unknown command.
You completely miss the kobold. The kobold barely misses you.
You barely miss the kobold. The kobold hits you but does no damage.
You hit the kobold but do no damage. The kobold hits you with a +0 dagger.
You closely miss the kobold. You hit the kobold.
You kill the kobold!
Your Conjurations skill increases to level 1!
No target in view!
No target in view!
You open the door.
There is an open door here.
h - a scroll labelled ENOAVO MUSHRAI A frilled lizard comes into view.
Unknown command.
The frilled lizard hisses angrily.
Unknown command.
You hit the frilled lizard.
You kill the frilled lizard!
No target in view!
No target in view!
A kobold comes into view. It is wielding a +0 whip.
The kobold shouts!
You hit the kobold.
You kill the kobold!
You see here a +0 whip.
You now have 34 gold pieces (gained 7).
A goblin comes into view. It is wielding a +0 club.
Unknown command.
The goblin shouts!
You hit the goblin.
You kill the goblin!
Things that are here:
a +0 club; a goblin corpse A hobgoblin comes into view.
The hobgoblin shouts!
You hit the hobgoblin but do no damage. The hobgoblin misses you.
You hit the hobgoblin.
The hobgoblin is heavily wounded.
The hobgoblin closely misses you.
You hit the hobgoblin.
The hobgoblin is almost dead.
The hobgoblin misses you.
You hit the hobgoblin.
You kill the hobgoblin!
No target in view!
A goblin comes into view. It is wielding a +0 club.
A goblin is nearby!
You see here a viscous inky potion.
i - a viscous inky potion You closely miss the goblin.
The goblin barely misses you.
You barely miss the goblin. You hit the goblin.
You kill the goblin!
Things that are here:
a +0 club; a goblin corpse A bat comes into view.
The bat closely misses you. The bat hits you.
You barely miss the bat. The bat closely misses you.
The bat closely misses you.
You barely miss the bat. The bat misses you. x2
You completely miss the bat. The bat closely misses you.
The bat barely misses you.
You hit the bat.
The bat is severely wounded.
The bat closely misses you.
You hit the bat.
You kill the bat!
No target in view!
You see here a bat corpse.
You see here a +2 whip of draining.
Things that are here:
a +0 club; a goblin corpse Key pressed, stopping explore.
Unknown command.
Things that are here:
a +0 club; a goblin corpse You see here a +2 whip of draining.
j - a +2 whip of draining
Things that are here:
a +0 club; a goblin corpse
k - a scroll labelled MENTOJE YCVATO An endoplasm comes into view.
The endoplasm quivers.
Found 7 gold pieces.
You hit the endoplasm.
The endoplasm is moderately wounded.
The endoplasm closely misses you.
You puncture the endoplasm!
You kill the endoplasm!
No target in view!
You now have 48 gold pieces (gained 14).
A frilled lizard comes into view.
Found Maxwell's Memoranda and a scroll labelled ANYLUGHACW.
A dart slug comes into view.
The frilled lizard hisses angrily.
Unknown command.
You miss the frilled lizard.
The frilled lizard bites you but does no damage.
You closely miss the frilled lizard. You closely miss the frilled lizard.
The frilled lizard bites you.
You barely miss the frilled lizard.
The frilled lizard bites you but does no damage.
The frilled lizard barely misses you.
You see here Maxwell's Memoranda.
You hit the frilled lizard.
You kill the frilled lizard!
The dart slug launches a dart at you. The slug dart hits you.
The dart slug completely misses you.
You hit the dart slug.
The dart slug is heavily wounded.
You hit the dart slug.
The dart slug is severely wounded.
The dart slug launches a dart at you. The slug dart misses you.
You puncture the dart slug!
You kill the dart slug!
No target in view!
You pick up Maxwell's Memoranda and begin reading...
You add the spells Vhi's Electric Charge, Arcjolt and Maxwell's Capacitive Coupling to your library.
l - a scroll labelled ANYLUGHACW HP restored.
HP restored.
Okay, then.
A bat comes into view.
The bat hits you.
You completely miss the bat. The bat barely misses you.
You hit the bat but do no damage. The bat closely misses you.
The bat misses you.
You see here 7 gold pieces.
You hit the bat.
The bat is heavily wounded.
The bat barely misses you.
A bat is nearby!
The bat misses you. The bat barely misses you. The bat closely misses you.
You hit the bat. You punch the bat, but do no damage.
The bat is heavily wounded.
The bat hits you.
You hit the bat.
The bat is severely wounded.
The bat misses you.
You hit the bat.
You kill the bat!
You have reached level 3!
Your experience leads to an increase in your attributes!
Increase (S)trength, (I)ntelligence, or (D)exterity?
You feel stronger. x2
Search for what [? for help]? body arm Unknown command.
You now have 55 gold pieces (gained 7).
A hobgoblin comes into view.
You hit the hobgoblin.
The hobgoblin is almost dead.
The hobgoblin hits you but does no damage.
You closely miss the hobgoblin. Your punch misses the hobgoblin.
The hobgoblin is almost dead.
The hobgoblin misses you.
You hit the hobgoblin.
You kill the hobgoblin!
No target in view!
Found a stone staircase leading down.
A bat comes into view.
The bat closely misses you. The bat barely misses you.
You miss the bat. The bat hits you but does no damage.
The bat completely misses you. The bat closely misses you.
Found a robe.
The bat barely misses you.
You hit the bat.
The bat is severely wounded.
The bat hits you but does no damage.
You completely miss the bat.
The bat is severely wounded.
The bat closely misses you. The bat misses you. x2
You hit the bat.
You kill the bat!
A goblin comes into view. It is wielding a +0 dagger.
The goblin shouts!
The goblin hits you with a +0 dagger.
You hit the goblin.
You kill the goblin!
No target in view!
No target in view!
A frilled lizard comes into view.
An endoplasm comes into view.
Found 2 stones.
You closely miss the frilled lizard. The frilled lizard closely misses you.
You hit the frilled lizard.
You kill the frilled lizard!
Unknown command.
Unknown command.
A goblin comes into view. It is wielding a +0 club.
The endoplasm quivers.
Unknown command.
You hit the endoplasm.
The endoplasm is heavily wounded.
The endoplasm hits you but does no damage.
You hit the endoplasm.
The endoplasm is severely wounded.
The endoplasm barely misses you.
You hit the endoplasm.
You kill the endoplasm!
No target in view!
Found a faded altar of an unknown god.
There is a faded altar of an unknown god here.
This altar belongs to (a) Vehumet, (b) Hepliaklqana or (c) Kikubaaqudgha, but you can't tell which.
Press the corresponding letter to learn more about a god, or press enter to convert or escape to cancel.
Okay, then.
Unknown command.
Press < or > to pray at altars.
A bat comes into view.
The helpless bat fails to defend itself.
You puncture the bat!
You kill the bat!
No target in view!
A ball python comes into view.
Unknown command.
You hit the ball python.
You kill the ball python!
No target in view!
No target in view!
You see here a ball python corpse.
A quokka comes into view.
You closely miss the quokka. The quokka barely misses you.
The quokka completely misses you.
You barely miss the quokka. The quokka misses you.
You puncture the quokka!
You kill the quokka!
No target in view!
No target in view!
You see here a quokka corpse.
You see here a bat corpse.
A dart slug comes into view.
The helpless dart slug fails to defend itself.
You hit the dart slug.
The dart slug is heavily wounded.
You hit the dart slug.
You kill the dart slug!
No target in view!
No target in view!
You see here a bat corpse.
A frilled lizard comes into view.
You miss the frilled lizard. The frilled lizard barely misses you.
You hit the frilled lizard.
You kill the frilled lizard!
No target in view!
No target in view!
Key pressed, stopping explore.
There is a faded altar of an unknown god here.
Unknown command.
The goblin shouts!
You see here 2 stones.
m - 2 stones You hit the goblin.
The goblin is heavily wounded.
The goblin barely misses you.
You hit the goblin.
You kill the goblin!
Training target 2.0 for Conjurations reached!
Your Conjurations skill increases to level 2!
No target in view!
You open the door.
A frilled lizard comes into view.
The frilled lizard hisses angrily.
You hit the frilled lizard.
The frilled lizard is heavily wounded.
The frilled lizard misses you.
You miss the frilled lizard.
The frilled lizard is heavily wounded.
The frilled lizard barely misses you.
You hit the frilled lizard.
You kill the frilled lizard!
No target in view!
You pick up a book of Party Tricks and begin reading...
You add the spells Apportation and Alistair's Intoxication to your library.
You open the door.
There is an open door here.
m - 6 stones (gained 4)
f - 2 bubbling inky potions (gained 1)
You open the door. You open the door. You open the door.
There is an open door here.
Found a stone staircase leading down.
There is a stone staircase leading down here.
A ball python comes into view.
The ball python hisses angrily.
The ball python bites you but does no damage.
The ball python grabs you. The ball python constricts you.
You see here a +6 ring of dexterity.
You hit the ball python.
The ball python is moderately wounded.
The ball python closely misses you. The ball python constricts you.
You closely miss the ball python.
The ball python is moderately wounded.
The ball python bites you. The ball python constricts you.
The ball python closely misses you. The ball python constricts you.
You hit the ball python.
You kill the ball python!
You see here a ball python corpse.
You see here a ball python corpse.
n - a +6 ring of dexterity You feel agile.
n - a +6 ring of dexterity (left hand)
A hobgoblin comes into view.
Unknown command.
An endoplasm comes into view.
The hobgoblin shouts!
Unknown command.
Unknown command.
You hit the hobgoblin.
The hobgoblin is lightly wounded.
The hobgoblin closely misses you.
You hit the hobgoblin.
The hobgoblin is almost dead.
The hobgoblin hits you.
You hit the hobgoblin.
You kill the hobgoblin!
No target in view!
Key pressed, stopping explore.
Unknown command.
The endoplasm quivers.
You hit the endoplasm but do no damage. The endoplasm freezes you.
You are frozen.
You hit the endoplasm.
The endoplasm is heavily wounded.
The endoplasm misses you.
You hit the endoplasm.
You kill the endoplasm!
No target in view!
HP restored.
You open the door.
There is an open door here.
There is an open door here.
There is an open door here.
Done exploring.
Done exploring.
There is a stone staircase leading down here.
Okay, then.
You climb downwards.
There is a stone staircase leading up here.
There is a stone staircase leading up here.
Found an escape hatch in the ceiling.
m - 9 stones (gained 3)
You now have 62 gold pieces (gained 7). 2 kobolds come into view.
Unknown command.
The kobold shouts! x2
You hear an angry hiss.
A ball python comes into view.
The kobold misses you.
You closely miss the kobold. You hit the kobold.
You kill the kobold!
You hit the ball python.
You kill the ball python!
You hit the kobold.
You kill the kobold!
No target in view!
A rat comes into view.
Items here: ( )) †.
Okay, then.
Unknown command.
m - 11 stones (gained 2)
Found a scroll labelled ANYLUGHACW.
You hit the rat but do no damage. The rat barely misses you.
You barely miss the rat. The rat bites you.
You hit the rat.
You kill the rat!
No target in view!
You see here a rat corpse.
l - 2 scrolls labelled ANYLUGHACW (gained 1)
o - a brown potion
Found a ring mail.
Key pressed, stopping explore.
Unknown command.
A kobold comes into view. It is wielding a +0 club.
Found 19 gold pieces.
You see here a +0 ring mail.
p - a +0 ring mail The kobold shouts!
You hear a shout!
You hit the kobold.
You kill the kobold!
Jessica the Apprentice Sorceress comes into view.
She is wielding a +1 dagger of venom.
Jessica casts a spell at you.
You barely resist.
Unknown command.
Jessica mumbles some strange words.
Jessica seems to speed up.
Unknown command.
Jessica points at you and mumbles some strange words.
You resist with some effort.
Unknown command.
You hit Jessica.
Jessica is heavily wounded.
Jessica gestures wildly while chanting.
Jessica blinks!
Jessica hits you with a +1 dagger of venom.
You are poisoned.
Unknown command.
You hit Jessica.
Jessica is severely wounded.
You feel sick.
Jessica hits you with a +1 dagger of venom.
You barely miss Jessica.
Jessica is severely wounded.
You feel sick.
Jessica hits you with a +1 dagger of venom.
* * * LOW HITPOINT WARNING * * *
You are lethally poisoned!
Unknown command.
Press: ? - help, v - describe, . - travel
Here: Jessica, wielding a +1 dagger of venom and wearing a +0 robe (severely wounded, fast)
The floor.
You aren't carrying any items that you can evoke.
It was a potion of mutation.
You feel extremely strange.
You feel weirdly uncertain.
* * * LOW HITPOINT WARNING * * *
You feel very sick.
Jessica hits you with a +1 dagger of venom.
* * * LOW HITPOINT WARNING * * *
Jessica hits you with a +1 dagger of venom.
You die...

########.# .### .
......#.##....
..####............
.....$..........
.......).#..#.#
..............#
..#####.##..#.####.
...................
..#####@@.....#####
.........#.#.###########
..#.###$.#........##..
#..###.####.##.###
#..###.# #.##.##.
#####..# #....... ##.#
####.### #.# #.... #.#
#####


You could see Jessica (fast).

Vanquished Creatures
  2 dart slugs (D:1)
  6 bats (D:1)
  3 endoplasms (D:1)
  4 goblins (D:1)
  3 hobgoblins (D:1)
  2 jackals (D:1)
  5 kobolds
  A quokka (D:1)
  4 ball pythons
  5 frilled lizards (D:1)
  A rat (D:2)
36 creatures vanquished.

Notes
Turn   | Place    | Note
-------+----------+-------------------------------------------
     0 | D:1      | jagoly the Human Wanderer began the quest for the Orb.
     0 | D:1      | jagoly set off with the following items: a +2 short sword,
                  | a +0 helmet, a potion of invisibility, a +0 robe; and the
                  | following spell memorised: Shock; and the following spells
                  | available to memorise: Kindle Blastsparks.
     0 | D:1      | Reached XP level 1. HP: 13/13 MP: 2/2
   141 | D:1      | Reached XP level 2. HP: 19/19 MP: 3/3
   153 | D:1      | Reached skill level 1 in Conjurations
   516 | D:1      | Reached XP level 3. HP: 24/24 MP: 5/5
   590 | D:1      | Found a faded altar of an unknown god.
  1130 | D:2      | Noticed Jessica
  1137 | D:2      | Gained mutation: You are occasionally teleported next to
                  | monsters. [potion of mutation]
  1137 | D:2      | Slain by Jessica

Illustrated notes

Levels and vault maps discovered:
D:1:      evilmike_arrival_plus, layout_basic, chequers_ecumenical_altar_twisty,
          minmay_pentomino_p2
D:2:      minmay_spotlight, layout_loops_cross, basic_altar, uniq_jessica

Skill      XL: |  1  2  3 |
---------------+----------+-----
Conjurations   | 1 2 |  2.0
Short Blades   | |  2.0
Throwing       | |  1.0
Armour         | |  1.0
Dodging        | |  4.0
Spellcasting   | |  1.7
Air Magic      | |  1.9

Action                   || total
-------------------------++-------
Melee: Short sword       ||   110
       Punch             ||     1
  Use: Potion            ||     1
 Stab: Sleeping          ||     2
Armor: Robe              ||    13
Dodge: Dodged            ||    69

Table legend: (Time is in decaauts)
 A = Elapsed time spent in this place.
 B = Non-inter-level travel time spent in this place.
 C = Inter-level travel time spent in this place.
 D = Time resting spent in this place.
 E = Time spent auto-exploring this place.
 F = Levels seen in this place.
 G = Mean time per level.
                   A        B        C        D        E       F      G
               +--------+--------+--------+--------+--------+-----+--------+
         Total |   1125 |   1098 |     27 |     28 |    712 |   2 |  562.5 |
       Dungeon |   1125 |   1098 |     27 |     28 |    712 |   2 |  562.5 |
               +--------+--------+--------+--------+--------+-----+--------+

Top non-repeatable levels by time:
     D:1: 1042 daAuts
     D:2: 82 daAuts
